Map: Lerilak Crest

Players

icyGremlin

  • Race: Protoss Protoss
  • League: Platinum

LilDicky - Winner!

  • Race: Terran Terran
  • League: Diamond

VOD

http://www.twitch.tv/tumescentpie

Description

Time

  • Played on: Dec. 12, 2015, 9:39 p.m.
  • Length: 6:22
Show
View Real Time Build Order
Export as new Build Order

icyGremlin Protoss 

Build Orders: 1 Gate Expand 

Get SALT Encoding   

  12  0:02  Probe (Chrono Boost)  
  13  0:12  Probe (Chrono Boost)  
  14  0:21  Pylon  
  14  0:25  Probe (Chrono Boost)  
  15  0:39  Probe (Chrono Boost)  
  16  0:45  Gateway  
  16  0:50  Probe (Chrono Boost)  
  16  0:54  Assimilator  
  17  1:00  Probe (Chrono Boost)  
  18  1:11  Probe (Chrono Boost)  
  19  1:22  Probe (Chrono Boost)  
  21  1:32  Probe (Chrono Boost)  
  21  1:33  Nexus  
  21  1:43  Probe (Chrono Boost)  
  22  1:51  Cybernetics Core  
  22  1:55  Probe (Chrono Boost)  
  22  2:01  Pylon  
  23  2:17  Assimilator  
  23  2:19  Probe (Chrono Boost)  
  24  2:29  Warp Gate  
  24  2:30  Probe (Chrono Boost)  
  24  2:35  Stalker  
  26  2:41  Mothership Core (Chrono Boost)  
  28  2:48  Gateway  
  28  2:51  Gateway  
  28  2:58  Probe (Chrono Boost)  
  29  2:59  Probe (Chrono Boost)  
  30  3:08  Probe (Chrono Boost)  
  30  3:09  Probe (Chrono Boost)  
  30  3:12  Pylon  
  32  3:19  Probe (Chrono Boost)  
  33  3:20  Probe (Chrono Boost)  
  33  3:25  Robotics Facility  
  34  3:28  Gateway  
  34  3:35  Probe x2 (Chrono Boost)  
  36  3:45  Probe (Chrono Boost)  
  36  3:48  Probe (Chrono Boost)  
  28  3:56  Probe (Chrono Boost)  
  29  4:07  Probe x2 (Chrono Boost)  
  31  4:17  Probe (Chrono Boost)  
  31  4:29  Observer (Chrono Boost)  
  30  4:33  Probe x2  
  32  4:39  Stalker  
  32  4:40  Adept  
  32  4:41  Sentry  
  32  4:44  Probe (Chrono Boost)  
  39  4:46  Probe (Chrono Boost)  
  39  4:56  Probe (Chrono Boost)  
  39  4:57  Probe (Chrono Boost)  
  41  5:05  Sentry  
  41  5:06  Probe (Chrono Boost), Zealot  
  45  5:08  Probe (Chrono Boost)  
  45  5:12  Zealot x2  
  45  5:17  Probe (Chrono Boost)  
  45  5:20  Probe (Chrono Boost)  
  43  5:27  Probe (Chrono Boost), Zealot  
  42  5:30  Probe (Chrono Boost)  
  35  5:37  Zealot x3  
Show
View Real Time Build Order
Export as new Build Order

LilDicky Terran - Winner!

Build Orders: MMM Bio 

Get SALT Encoding   

  12  0:01  SCV  
  13  0:13  SCV  
  14  0:17  Supply Depot  
  14  0:25  SCV  
  15  0:30  Refinery  
  15  0:39  SCV  
  16  0:46  Barracks  
  16  0:55  SCV  
  17  1:08  SCV  
  18  1:20  SCV  
  20  1:33  Supply Depot  
  20  1:37  Marine  
  20  1:39  Orbital Command  
  20  1:55  Marine  
  20  2:00  Barracks  
  21  2:04  Barracks  
  21  2:08  Factory  
  21  2:16  SCV  
  21  2:20  Barracks Reactor  
  22  2:27  Refinery  
  22  2:28  SCV  
  23  2:40  SCV  
  24  2:52  SCV  
  24  2:54  Barracks Tech Lab x2  
  25  2:58  Supply Depot  
  25  2:59  Marine x2  
  25  3:04  SCV  
  28  3:12  Widow Mine  
  28  3:16  SCV  
  28  3:19  Marine  
  31  3:20  Combat Shields, Stimpack, Marine x2  
  31  3:22  Marine  
  34  3:28  Supply Depot  
  34  3:38  SCV  
  34  3:40  Marine x2  
  34  3:41  Widow Mine  
  39  3:53  Marauder x2  
  39  3:54  SCV  
  44  3:59  Supply Depot  
  44  4:02  Marine  
  45  4:03  Marine  
  46  4:11  Starport  
  46  4:28  Marine x4  
  52  4:35  SCV  
  52  4:37  Supply Depot  
  53  4:39  Concussive Shells  
  53  4:46  Marine  
  52  4:55  Marine x2  
  52  4:59  Marauder  
  56  5:13  Marauder  
  49  5:39  Marine  
  49  5:40  Marine x3  
  49  5:57  Marine  
  49  5:58  Marauder x2, Marine  
Tags
 
Add a new tag
Caveats
  • Supply blocks, unpowered buildings, or Contaminate may cause inaccurate times.
  • Supply counts are checked every 10 seconds.